 Seeded DCSS version 0.25.1-8-g42b30a86e7 (webtiles) character file.

Game seed: 20201210 (custom seed)

20 radhat240 the Sneak (level 2, -6/26 HPs)
             Began as a Naga Assassin on Dec 14, 2020.
             Was an Initiate of Dithmenos.
             Splashed by a jelly's acid (7 damage)
             ... on level 5 of the Dungeon.
             The game lasted 00:03:51 (421 turns).

radhat240 the Sneak (Naga Assassin)                  Turns: 421, Time: 00:03:51

Health: -6/26      AC:  0    Str:  8    XL:     2   Next: 79%
Magic:  2/2        EV:  9    Int: 11    God:    Dithmenos [......]
Gold:   17         SH:  0    Dex: 12    Spells: 1/1 levels left

rFire    . . .     SeeInvis +   j - +8 dagger "Nayrioqem" {elec, rElec rN+++ Str-5 Stlth+}
rCold    . . .     Gourm    .   (no shield)
rNeg     + + +     Faith    .   b - +0 robe
rPois    +         Spirit   .   (no helmet)
rElec    +         Reflect  .   c - +1 cloak
rCorr    .         Harm     .   (no gloves)
MR       .....                  (no barding)
Stlth    ++++......             k - amulet of regeneration
HPRegen  0.48/turn              (no ring)
MPRegen  0.08/turn              (no ring)

@: corroded, very slow
A: large, see invisible, deformed body, poison resistance, slowness 2, slow
metabolism 1, spit poison 1, AC +0
a: Spit Poison, Renounce Religion


You were on level 5 of the Dungeon.
You worshipped Dithmenos.
Dithmenos was noncommittal.
You were not hungry.

You visited 1 branch of the dungeon, and saw 5 of its levels.

You collected 17 gold pieces.

Inventory:

Hand Weapons
 a - a +2 dagger
 j - the +8 dagger "Nayrioqem" (weapon) {elec, rElec rN+++ Str-5 Stlth+}
   (You found it on level 5 of the Dungeon)

   Occasionally, upon striking a foe, it will discharge some electrical energy
   and cause terrible harm.
   It affects your strength (-5).
   It insulates you from electricity.
   It renders you almost immune to negative energy.
   It makes you more stealthy.
Missiles
 d - 25 poisoned darts (quivered)
 e - 2 curare-tipped darts
 h - 7 atropa-tipped darts
Armour
 b - a +0 robe (worn)
 c - a +1 cloak (worn)
Jewellery
 i - an uncursed amulet of faith {unknown}
 k - an amulet of regeneration (around neck)
Scrolls
 g - a scroll of identify {unknown}
Comestibles
 f - 4 rations


   Skills:
 + Level 2.1 Fighting
 * Level 2.0 Short Blades
 + Level 1.8 Throwing
 * Level 0.8 Dodging
 * Level 6.8 Stealth


You had one spell level left.
You didn't know any spells.
Your spell library was empty.

Dungeon Overview and Level Annotations

Branches:
Dungeon (5/15)
 Temple: D:4-7

Altars:
Dithmenos
Vehumet
Yredelemnul


Innate Abilities, Weirdness & Mutations

You cannot wear boots.
Your serpentine skin is tough. (AC +0)
You have supernaturally acute eyesight. (SInv)
Armour fits poorly on your strangely shaped body.
Your system is resistant to poisons. (rPois)
You cover ground very slowly.
You have a slow metabolism.
You can spit poison.


Message History

Found a ring mail.
A leopard gecko and a jelly come into view.
The jelly quivers.
Found a grey potion.
An iguana comes into view.
The jelly hits you but does no damage.
You hit the jelly. The acid corrodes you!
Your hands burn!
The jelly is lightly wounded.
You hit the ice beast.
Lightning courses through the ice beast!
The ice beast is moderately wounded.
The jelly hits you.
You are splashed with acid!
The ice beast hits you. The ice beast freezes you!
* * * LOW HITPOINT WARNING * * *
You closely miss the ice beast.
The ice beast is moderately wounded.
The jelly hits you.
* * * LOW HITPOINT WARNING * * *
You are splashed with acid!
You die...

. .##### +.[.l
## ..#
#..###J.# ##!
.l.#..@#.+
#...#
#.....Y.#...#
##########...#
#..........###
#.######)###
#.# #Y# #.#
#.# #.### #.#
#...#........#


You could see an ice beast, an iguana (asleep) and a jelly.

Vanquished Creatures
  An adder (D:2)
  An orc (D:4)
  A giant cockroach (D:3)
  4 hobgoblins
  A kobold (D:2)
  A frilled lizard (D:2)
9 creatures vanquished.

Notes
Turn   | Place    | Note
-------+----------+-------------------------------------------
     0 | D:1      | radhat240 the Naga Assassin began the quest for the Orb.
     0 | D:1      | Reached XP level 1. HP: 19/19 MP: 1/1
    86 | D:2      | Reached skill level 6 in Stealth
    86 | D:2      | Reached XP level 2. HP: 26/26 MP: 2/2
   136 | D:2      | Found a shadowy altar of Dithmenos.
   138 | D:2      | Found a basalt altar of Yredelemnul.
   138 | D:2      | Found a radiant altar of Vehumet.
   144 | D:2      | Became a worshipper of Dithmenos the Shadowed
   277 | D:5      | Entered Level 5 of the Dungeon
   281 | D:5      | Got a faintly glowing dagger
   282 | D:5      | Identified the +8 dagger "Nayrioqem" {elec, rElec rN+++
                  | Str-5 Stlth+} (You found it on level 5 of the Dungeon)
   405 | D:5      | Noticed an ice beast
   421 | D:5      | HP: 1/26 [jelly (3)]
   421 | D:5      | Splashed by a jelly's acid

Illustrated notes

Levels and vault maps discovered:
D:1:      dpeg_arrival_snail, layout_basic
D:2:      layout_basic, chequers_temple_overflow_statue_of_worship,
          minmay_hedge_maze, minmay_misc_feat_five
D:3:      layout_basic
D:4:      layout_loops_ring, tgw_trog, first_ration, minmay_distorted
D:5:      layout_basic, kennysheep_nub, minmay_fractal_squares_diagonal_5,
          uniq_pikel

Skill      XL: |  1 |
---------------+----+-----
Stealth        | 6 |  6.8
Fighting       | |  2.1
Short Blades   | |  2.0
Throwing       | |  1.8
Dodging        | |  0.8

Action                   || total
-------------------------++-------
Melee: Dagger            ||    22
Throw: Dart              ||     1
  Use: Scroll            ||     1
 Stab: Sleeping          ||     4
Armor: Robe              ||     6
Dodge: Dodged            ||     4
